 Seeded DCSS version 0.32-a0-35-gd9ff480 (webtiles) character file.

Game seed: 4493101583277482573 (custom seed)

1164 brinewave the Trooper (level 8, -4/70 HPs)
             Began as a Green Draconian Brigand on Jan 21, 2024.
             Was a Believer of Uskayaw.
             Slain by a gnoll
             ... wielding a +2 heavy halberd
              (12 damage)
             ... on level 6 of the Dungeon on Jan 22, 2024.
             The game lasted 00:22:28 (6174 turns).

brinewave the Trooper (Green Draconian Brigand)     Turns: 6174, Time: 00:22:29

Health: -4/70      AC:  7    Str: 16    XL:     8   Next: 17%
Magic:  8/8        EV: 13    Int: 12    God:    Uskayaw [**....]
Gold:   108        SH:  0    Dex: 12    Spells: 7/7 levels left

rFire   . . .        I - +0 war axe
rCold   x . .        (no shield)
rNeg    . . .        (body armour unavailable)
rPois   +            (helmet restricted)
rElec   .            s - +0 cloak
rCorr   +            (no gloves)
SInv    +            (no boots)
Will    +....        (no amulet)
Stlth   +++          n - ring of resist corrosion
HPRegen 0.31/turn    C - ring of Eternal Night {rC- Will+ rCorr SInv Stlth+}
MPRegen 0.11/turn

%: no passive effects
@: no status effects
A: breathe noxious fumes, AC +6, unfitting armour, poison resistance,
cold-blooded
a: Breathe Noxious Fumes, Renounce Religion, Stomp, Line Pass


You were on level 6 of the Dungeon.
You worshipped Uskayaw.
Uskayaw was noncommittal.
You visited 2 branches of the dungeon, and saw 7 of its levels.
You also visited: Sewer.

You collected 322 gold pieces.
You spent 214 gold pieces at shops.

Inventory:

Hand Weapons
 a - a +2 dagger
 p - a +0 short sword of draining
 I - a +0 war axe (weapon)
Missiles
 c - 14 poisoned darts (quivered)
 d - 3 curare-tipped darts
 g - 8 boomerangs
 i - 50 stones
 o - 5 javelins
Armour
 s - a +0 cloak (worn)
Jewellery
 n - a ring of resist corrosion (left hand)
 C - the ring of Eternal Night (right hand) {rC- Will+ rCorr SInv Stlth+}
   (You found it in a sewer)

   [ring of willpower]

   rC-:       It makes you vulnerable to cold.
   Will+:     It increases your willpower.
   SInv:      It lets you see invisible.
   rCorr:     It protects you from acid and corrosion.
   Stlth+:    It makes you more stealthy.
Talismans
 A - a maw talisman
Wands
 t - a wand of polymorph (10)
Scrolls
 b - a scroll of identify
 e - 2 scrolls of teleportation
 f - 2 scrolls of immolation
 l - a scroll of noise {unknown}
 r - 3 scrolls of blinking
 u - a scroll of revelation {unknown}
 v - a scroll of poison {unknown}
 w - a scroll of fear {unknown}
 D - a scroll of enchant weapon
 E - 2 scrolls of amnesia
 F - 2 scrolls of enchant armour {unknown}
 H - a scroll of vulnerability
Potions
 j - a potion of haste
 k - a potion of enlightenment
 m - a potion of ambrosia
 q - a potion of cancellation
 x - 2 potions of resistance {unknown}
 z - 2 potions of lignification {unknown}
 B - 2 potions of curing {unknown}


   Skills:
 + Level 5.6 Fighting
 - Level 2.0(2.1) Short Blades
 - Level 0.7(1.4) Long Blades
 + Level 4.5 Axes
 - Level 1.7 Throwing
 + Level 4.4 Dodging
 - Level 3.6 Stealth
 + Level 4.5 Shields


You had 7 spell levels left.
You didn't know any spells.
Your spell library contained the following spells:

 Spells                   Type           Power      Damage    Failure   Level
 Foxfire                  Conj/Fire      0%         2x1d4     32%         1
 Slow                     Hex            0%         N/A       32%         1
 Call Imp                 Summ           0%         N/A       45%         2
 Sublimation of Blood     Necr           0%         N/A       45%         2
 Confusing Touch          Hex            0%         N/A       69%         3
 Sigil of Binding         Hex            0%         N/A       69%         3
 Vampiric Draining        Necr           0%         2d6       69%         3
 Plasma Beam              Fire/Air       0%         2x1d10    100%        6
 Starburst                Conj/Fire      0%         6d3       100%        6
 Summon Hydra             Summ           0%         N/A       100%        7


Dungeon Overview and Level Annotations

Branches:
Dungeon (6/15)             Temple (1/1) D:6           Sewer (visited)

Altars:
Ashenzari
Cheibriados
Elyvilon
Fedhas
Gozag
Hepliaklqana
Kikubaaqudgha
Makhleb
Nemelex Xobeh
Qazlal
Ru
Sif Muna
Trog
Uskayaw
Vehumet
Wu Jian
Xom
Yredelemnul
Zin
The Shining One

Shops:
D:1 *   D:5 [


Innate Abilities, Weirdness & Mutations

You can breathe blasts of noxious fumes.
Your lurid green scales are hard. (AC +6)
You cannot fit into any form of body armour.
Your system is resistant to poisons. (rPois)
You are cold-blooded and may be slowed by cold attacks.


Message History

You slash the gnoll!
You kill the gnoll!
You hit the gnoll but do no damage. The gnoll closely misses you.
The gnoll hits you from afar with a +0 spear.
You hit the gnoll but do no damage. The gnoll hits you with a +0 flail.
The gnoll hits you from afar with a +0 spear.
You slash the gnoll!
You kill the gnoll!
The gnoll hits you but does no damage. The gnoll barely misses you.
You can now pass through a line of other dancers.
The gnoll barely misses you. The gnoll hits you with a +0 spear!
Items here: )) ††.
You barely miss the gnoll.
Your tail-slap misses the gnoll.
The gnoll hits you from afar with a +2 heavy halberd!
The gnoll hits you but does no damage.
You barely miss the gnoll. The gnoll closely misses you. x2
You can no longer pass through a line of other dancers.
You closely miss the gnoll. The gnoll hits you with a +0 spear!
* * * LOW HITPOINT WARNING * * *
The gnoll closely misses you.
You slash the gnoll!
Your tail-slap misses the gnoll.
The gnoll is almost dead.
The gnoll hits you with a +0 spear.
* * * LOW HITPOINT WARNING * * *
The gnoll hits you with a +0 spear.
* * * LOW HITPOINT WARNING * * *
You can now pass through a line of other dancers.
You closely miss the gnoll.
The gnoll is almost dead.
The gnoll barely misses you. The gnoll hits you with a +0 spear!
* * * LOW HITPOINT WARNING * * *
You hit the gnoll.
You kill the gnoll!
The gnoll barely misses you. The gnoll barely misses you.
You see here a +0 spear.
You hit the gnoll.
The gnoll is moderately wounded.
The gnoll hits you with a +2 heavy halberd!
You die...

#......#......## #.####.##
#......+.>.....# #.####.##
.......#.......# #.#<.....
.......#.......# #.#######
.......#.....).###........
.......#.#...............
#)..#......#......####
#....g.....+......# #
#...#@######......# #
##.#..)...##......#
########+##......#
#..........# #..........#
#....##.#### #.......#
#..........o..o #.......#
#....#.......o. #...)...#
#....#........o


You could see a gnoll.

Vanquished Creatures
  Sigmund (D:4)
  An ice beast (D:5)
  An ogre (D:5)
  The ghost of blackthorn the Cutter, an amateur BaGl (D:3)
  2 bullfrogs (Sewer)
  A bombardier beetle (D:4)
  A centaur zombie (D:6)
  2 hounds
  A bullfrog zombie (D:6)
  A jelly (D:5)
  Jessica (D:2)
  2 iguanas
  4 killer bee zombies (D:6)
  A howler monkey zombie (D:6)
  3 gnolls (D:6)
  12 adders
  9 dart slugs
  3 orcs
  8 ball pythons
  4 bats
  7 endoplasms
  16 giant cockroaches
  6 goblins
  7 hobgoblins
  6 jackals
  4 quokkas
  10 frilled lizards
  4 kobolds
  3 rats
122 creatures vanquished.

Notes
Turn   | Place    | Note
-------+----------+-------------------------------------------
     0 | D:1      | brinewave the Draconian Brigand began the quest for the
                  | Orb.
     0 | D:1      | Reached XP level 1. HP: 17/17 MP: 1/1
    75 | D:1      | Reached skill level 1 in Dodging
   174 | D:1      | Reached XP level 2. HP: 22/25 MP: 2/2
   453 | D:1      | Found Udefegh's General Store.
   665 | D:1      | You fall into a shaft and drop 1 floor!
   709 | D:2      | Reached skill level 1 in Shields
   728 | D:2      | Noticed Jessica
   768 | D:2      | Killed Jessica
   769 | D:2      | Reached skill level 1 in Axes
   769 | D:2      | Reached XP level 3. HP: 13/30 MP: 3/3
   864 | D:2      | Reached skill level 3 in Fighting
  1089 | D:2      | Reached XP level 4. HP: 34/38 MP: 4/4
  1692 | D:3      | Found a runed translucent door.
  1700 | D:3      | Noticed blackthorn's ghost (amateur BaGl)
  1848 | D:3      | Identified the +1 sling "Qehaduqe" {speed, Fly}
  2647 | D:4      | Noticed Sigmund
  2660 | D:4      | Killed Sigmund
  2661 | D:4      | Reached XP level 5. HP: 28/46 MP: 5/5
  2688 | D:4      | Reached XP level 6. HP: 35/52 MP: 6/6
  2824 | D:4      | Reached skill level 4 in Fighting
  2875 | D:4      | Found a glowing drain.
  2906 | Sewer    | Entered a sewer
  3403 | Sewer    | Your scales start taking on a lurid green colour.
  3403 | Sewer    | Reached XP level 7. HP: 57/60 MP: 7/7
  3403 | Sewer    | Gained mutation: Your system is resistant to poisons.
                  | (rPois) [Green Draconian growth]
  3435 | Sewer    | Identified the ring of Eternal Night {rC- Will+ rCorr SInv
                  | Stlth+}
  4147 | D:5      | Entered Level 5 of the Dungeon
  4268 | D:1      | Bought a potion of berserk rage for 65 gold pieces
  4268 | D:1      | Bought a scroll of enchant weapon for 97 gold pieces
  4268 | D:1      | Bought a scroll of amnesia for 52 gold pieces
  4380 | D:3      | HP: 1/60 [blackthorn's ghost (6)]
  4385 | D:3      | Killed blackthorn's ghost
  4386 | D:3      | Reached skill level 5 in Fighting
  4785 | D:5      | Found Qiuhieso's Armour Boutique.
  5597 | D:6      | Found a staircase to the Ecumenical Temple.
  5635 | Temple   | Entered the Ecumenical Temple
  5658 | Temple   | Became a worshipper of Uskayaw the Reveller
  5685 | D:6      | Reached * piety under Uskayaw
  5699 | D:6      | Reached ** piety under Uskayaw
  5709 | D:6      | Reached XP level 8. HP: 55/69 MP: 8/8
  5709 | D:6      | Found a basalt altar of Yredelemnul.
  5788 | D:6      | Reached *** piety under Uskayaw
  6174 | D:6      | Slain by a gnoll

Illustrated notes

Levels and vault maps discovered:
D:1:      matt_arrival_spirals, layout_basic, serial_shops,
          nicolae_shop_just_a_little_nook
D:2:      layout_rooms, minmay_misc_feat_iff, minmay_misc_feat_four_crosses,
          uniq_jessica
D:3:      layout_basic, ebering_ghost_sewer_d
D:4:      layout_basic, portal_sewer_entry_f, uniq_sigmund
D:5:      layout_gridville, serial_shops, nicolae_shop_back_alley_shop,
          water_maze_lemuel
D:6:      layout_basic, nicolae_yredelemnul_corpse_copse, temple_pool_b,
          serial_shops, kennysheep_little_box, minivault_24,
          minmay_misc_feat_cross
Temple:   nicolae_temple_bog_church

Skill      XL: |  1  2  3  4  5  6  7 |
---------------+----------------------+-----
Dodging        | 1 2 3 4 |  4.4
Shields        | 1 2 3 4 |  4.5
Axes           | 1 2 3 4 |  4.5
Fighting       | 3 4 5 |  5.6
Short Blades   | |  2.0
Long Blades    | |  0.7
Throwing       | |  1.7
Stealth        | |  3.6

Action                     |  1- 3 |  4- 6 |  7- 9 || total
---------------------------+-------+-------+-------++-------
  Melee: Dagger            |   101 |       |       ||   101
         Tailslap          |    12 |    25 |    42 ||    79
         Short sword       |       |   230 |   142 ||   372
         Punch             |       |     2 |     2 ||     4
         Hand axe          |       |       |    88 ||    88
         War axe           |       |       |    13 ||    13
  Throw: Dart              |     2 |       |       ||     2
    Use: Scroll            |       |     6 |     2 ||     8
         Potion            |       |       |     1 ||     1
   Stab: Sleeping          |     3 |     9 |     9 ||    21
         Paralysed         |       |       |     1 ||     1
 Armour: Skin              |    48 |   211 |   155 ||   414
  Dodge: Dodged            |    62 |   207 |   162 ||   431

Table legend: (Time is in decaauts)
 A = Elapsed time spent in this place.
 B = Non-inter-level travel time spent in this place.
 C = Inter-level travel time spent in this place.
 D = Time resting spent in this place.
 E = Time spent auto-exploring this place.
 F = Levels seen in this place.
 G = Mean time per level.
                   A        B        C        D        E       F      G
               +--------+--------+--------+--------+--------+-----+--------+
         Total |   6259 |   5730 |    529 |    309 |   3707 |   8 |  782.4 |
       Dungeon |   5441 |   4936 |    505 |    234 |   3449 |   6 |  906.8 |
        Temple |     32 |      8 |     24 |      0 |      0 |   1 |   32.0 |
         Sewer |    784 |    784 |      0 |     75 |    257 |   1 |  784.0 |
               +--------+--------+--------+--------+--------+-----+--------+

Top non-repeatable levels by time:
     D:3: 1224 daAuts
     D:4: 1006 daAuts
     D:1: 944 daAuts
   Sewer: 784 daAuts
     D:5: 774 daAuts
     D:6: 752 daAuts
     D:2: 740 daAuts
  Temple: 32 daAuts
